AoeStats
← SCAM-U-LONGTIME

Arena

510465670Analyzed
4v4 RM · 2d ago on Oct 1, 2026· 29m 57s· 8 players
Game mode
Random Map
Map size
Large (8 player)
Population
200
Speed
Normal
Resources
Standard
Victory
Conquest
Starting age
Dark Age
Ending age
Imperial Age
RankedLock teamsTeams togetherTeam positionsShared explorationLock speedFull tech treeHidden civsTurbo modeCheats
Victory
Defeat
🇨🇳 Franks · China
833
+6
🇲🇽 Khmer · Mexico
806
+7
🇨🇴 Muisca · Colombia
796
+7
🇹🇷 Italians · Türkiye
733
+10
🇵🇪 Byzantines · Peru
684
-10
🇺🇸 Teutons · United States
569
-7
🇨🇴 Huns · Colombia
564
-7
🇲🇽 Khmer · Mexico
533
-6
Porowy
0:35 Loom
10:42 Feudal Age
11:59 Wheelbarrow
11:10 Town Watch
11:22 Double-Bit Axe
17:04 Horse Collar
24:29 Castle Age
25:10 Pikeman
29:11 Man-at-Arms
SCAM-U-LONGTIME
0:29 Loom
10:59 Feudal Age
18:32 Castle Age
Rebelion1984
0:46 Loom
13:08 Feudal Age
13:44 Man-at-Arms
15:07 Wheelbarrow
14:21 Double-Bit Axe
14:51 Horse Collar
16:18 Stone Mining
17:06 Gold Mining
18:30 Town Watch
19:43 Arson
21:03 Bloodlines
24:32 Scale Barding Armor
24:27 Scale Mail Armor
24:38 Forging
24:19 Fletching
24:29 Padded Archer Armor
29:25 Castle Age
TORRES
2:01 Loom
14:43 Feudal Age
15:15 Double-Bit Axe
15:13 Horse Collar
15:28 Gold Mining
16:45 Wheelbarrow
22:41 Castle Age
22:41 Arson
23:17 Pikeman
23:57 Squires
24:13 Bow Saw
24:30 Stone Mining
26:54 Stone Shaft Mining
25:53 Elite Skirmisher
27:03 Heavy Plow
27:43 Gold Shaft Mining
28:46 Ballistics
hacker_1905
5:36 Loom
13:07 Feudal Age
13:28 Horse Collar
14:27 Wheelbarrow
13:42 Double-Bit Axe
14:11 Stone Mining
22:04 Castle Age
20:29 Gold Mining
22:34 Scale Barding Armor
22:40 Forging
24:52 Hand Cart
26:42 Husbandry
26:53 Bloodlines
28:14 Chain Barding Armor
29:19 Iron Casting
danielalejandrocrco
1:20 Loom
10:46 Feudal Age
18:21 Castle Age
20:28 Fletching
24:25 Wheelbarrow
28:43 Redemption
massanka21
14:05 Feudal Age
13:29 Loom
14:43 Double-Bit Axe
14:45 Horse Collar
15:45 Wheelbarrow
15:27 Stone Mining
15:32 Gold Mining
18:56 Castle Age
18:56 Fletching
19:08 Padded Archer Armor
23:17 Bodkin Arrow
26:23 Bow Saw
28:18 Hand Cart
30:01 Murder Holes
30:27 Ballistics
30:50 Stone Shaft Mining
1120693432
8:05 Loom
12:50 Feudal Age
18:03 Castle Age
21:58 Double-Bit Axe
25:11 Bow Saw
Connection lost

Rejoining the realm…

Still unreachable

The connection could not be restored.

Session expired

The server has moved on; the page needs a fresh start.